AoeStats
← ComplexKills

Nomad

503291552Analyzed
1v1 RM · 1mo ago on Aug 31, 2026· 34m 33s· 2 players
Game mode
Random Map
Map size
126×126
Population
200
Speed
Normal
Resources
Standard
Victory
Conquest
Starting age
Dark Age
Ending age
Imperial Age
RankedLock teamsTeams togetherTeam positionsShared explorationLock speedFull tech treeHidden civsTurbo modeCheats
Victory
Defeat
🇨🇦 Romans · Canada
843
+15
🇺🇸 Lithuanians · United States
818
-15
ComplexKills
6:59 Loom
15:01 Feudal Age
21:01 Castle Age
20:25 Horse Collar
21:58 Stone Mining
26:48 Gold Mining
Marty
5:52 Loom
14:12 Feudal Age
15:14 Man-at-Arms
16:38 Forging
16:29 Scale Mail Armor
19:38 Wheelbarrow
24:15 Castle Age
22:30 Bloodlines
23:26 Scale Barding Armor
24:50 Long Swordsman
29:48 Ballistas
33:02 Imperial Age
31:04 Pikeman
32:49 Double-Bit Axe
32:50 Horse Collar
Connection lost

Rejoining the realm…

Still unreachable

The connection could not be restored.

Session expired

The server has moved on; the page needs a fresh start.